 Dungeon Sprint DCSS version 0.19.1 (webtiles) character file.

417 danny2772 the Carver (level 6, -6/57 HPs)
             Began as a Demonspawn Chaos Knight on Nov 27, 2016.
             Splashed by a jelly's acid (9 damage)
             ... in the Dungeon (Sprint I: "Red Sonja").
             The game lasted 00:03:06 (245 turns).

danny2772 the Carver (Demonspawn Chaos Knight)       Turns: 245, Time: 00:03:07

Health: -6/57      AC: -2    Str: 14    XL:     6   Next: 61%
Magic:  6/6        EV: 13    Int: 14    God:    Xom [.....*]
Gold:   162        SH:  0    Dex: 12    Spells: 0 memorised, 5 levels left

rFire  . . .     SeeInvis .     l - +0 scythe
rCold  . . .     Gourm    .     b - +2 leather armour
rNeg   . . .     Faith    .     (shield currently unavailable)
rPois  .         Spirit   .     (no helmet)
rElec  .         Reflect  .     (no cloak)
rCorr  .         Harm     .     (no gloves)
MR     .....     NoTele   +     (no boots)
Stlth  ++........               (no amulet)
                                (no ring)
                                (no ring)

@: corroded
A: demonic guardian 1, nightstalker 1, sturdy frame 1
a: Renounce Religion


You were in the Dungeon.
You worshipped Xom.
You were Xom's teddy bear.
You were not hungry.

You visited 1 branch You collected 162 gold pieces.

Inventory:

Hand Weapons
 a - a +0 falchion of chaos
 j - a +0 club
 k - a +0 giant spiked club
 l - a +0 scythe (weapon)
Armour
 b - a +2 leather armour (worn)
 m - a +0 robe
Scrolls
 i - a scroll of blinking
Potions
 d - 4 potions of curing
 e - a potion of heal wounds
 f - a potion of haste
 g - 2 potions of magic
 h - a potion of berserk rage
Comestibles
 c - a bread ration


   Skills:
 + Level 8.9 Fighting
 + Level 9.6 Long Blades
 + Level 0.8 Polearms
 + Level 4.6 Armour
 + Level 2.8 Dodging
 + Level 0.8 Stealth


You had 5 spell levels left.
You didn't know any spells.

Dungeon Overview and Level Annotations

Branches:
Dungeon (1/1)

Altars:
Makhleb
Sif Muna
Xom
Jiyva
Lugonu


Innate Abilities, Weirdness & Mutations

A weak demonic guardian rushes to your aid.
You are slightly more attuned to the shadows.
Your movements are slightly less encumbered by armour. (ER -2)


Message History

Your ufetubus hits the jelly.
Your ufetubus is burned by acid!
You see here 27 gold pieces.
You swap places.
Your ufetubus hits the jelly.
Your ufetubus is burned by acid!
Your ufetubus hits the jelly.
Your ufetubus is burned by acid!
Your ufetubus dies!
The jelly hits you.
* * * LOW HITPOINT WARNING * * *
You are splashed with acid!
The acid burns!
* * * LOW HITPOINT WARNING * * *
You see here 27 gold pieces.
You barely miss the jelly.
The jelly is heavily wounded.
The jelly hits you.
* * * LOW HITPOINT WARNING * * *
The acid corrodes you!
You are splashed with acid!
The acid burns!
You die...
Xom thinks this is hilarious!

##################
..'..#.†'..#__#J@+
..#..'..#..'..'$$#
####'#####'#__####
#..# #$#### ####
#(# ..+ ._# .#+#


You could see a jelly.

Vanquished Creatures
  A slime creature (D)
  Sigmund (D)
  An ogre (D)
  Ijyb (D)
4 creatures vanquished.

Notes
Turn   | Place    | Note
-------+----------+-------------------------------------------
     0 | D        | danny2772 the Demonspawn Chaos Knight began the quest for the Orb.
     0 | D        | Reached XP level 1. HP: 18/18 MP: 1/1
     4 | D        | Noticed Ijyb
     8 | D        | XOM: potion effect (agility)
    13 | D        | Killed Ijyb
    13 | D        | Reached skill level 4 in Long Blades
    13 | D        | Reached skill level 1 in Dodging
    13 | D        | Gained mutation: You are slightly more attuned to the shadows. [demonic ancestry]
    13 | D        | Reached XP level 2. HP: 21/26 MP: 2/2
    52 | D        | XOM: scenery: 1 doors open, 1 doors close
    53 | D        | Noticed an ogre
    58 | D        | Killed an ogre
    58 | D        | Reached skill level 6 in Long Blades
    58 | D        | Reached XP level 3. HP: 32/34 MP: 3/3
    58 | D        | Reached XP level 4. HP: 38/40 MP: 4/4
   106 | D        | Noticed Sigmund
   120 | D        | Killed Sigmund
   120 | D        | Reached skill level 8 in Long Blades
   120 | D        | Gained mutation: Your movements are slightly less encumbered by armour. (ER -2) [demonic ancestry]
   120 | D        | Reached XP level 5. HP: 33/49 MP: 5/5
   120 | D        | Gained mutation: A weak demonic guardian rushes to your aid. [demonic ancestry]
   120 | D        | Reached XP level 6. HP: 38/56 MP: 6/6
   229 | D        | Found a deep blue altar of Sif Muna.
   230 | D        | Found a burning altar of Makhleb.
   230 | D        | Found a viscous altar of Jiyva.
   230 | D        | Found a shimmering altar of Xom.
   230 | D        | Found a corrupted altar of Lugonu.
   230 | D        | Noticed a slime creature
   236 | D        | Killed a slime creature
   236 | D        | Reached skill level 9 in Long Blades
   245 | D        | Splashed by a jelly's acid

Skill      XL: |  1  2  3  4  5  6 |
---------------+-------------------+-----
Fighting       | 4 6 8 |  8.9
Long Blades    | 4 6 8 9 |  9.6
Armour         | 2 3 4 |  4.6
Dodging        | 1 2 |  2.8
Polearms       | |  0.8
Stealth        | |  0.8

Action                   |  1- 3 |  4- 6 || total
-------------------------+-------+-------++-------
Melee: Falchion          |    11 |     6 ||    17
       Scythe            |       |     5 ||     5
 Stab: Sleeping          |       |     1 ||     1
Armor: Leather armour    |     1 |     4 ||     5
Dodge: Dodged            |     7 |    13 ||    20
       Rpst.: Falchion   |     3 |     1 ||     4
